 Dungeon Crawl Stone Soup version 0.29-a0-775-g4d7333d4e2 (webtiles) character file.

Game seed: 8728565894181836753

84 pokeman the Magician (level 4, 0/25 HPs)
             Began as a Deep Elf Hedge Wizard on July 1, 2022.
             Killed from afar by an orc (25 damage)
             ... with a bolt of acid
             ... on level 4 of the Dungeon.
             The game lasted 00:03:53 (3050 turns).

pokeman the Magician (Deep Elf Hedge Wizard)        Turns: 3050, Time: 00:03:54

Health: 0/25       AC:  4    Str:  7    XL:     4   Next: 23%
Magic:  10/13      EV: 12    Int: 21    God:
Gold:   106        SH:  0    Dex: 14    Spells: 3/14 levels left

rFire   . . .      SeeInvis +   m - +2 short sword (venom)
rCold   . . .      Faith    .   (no shield)
rNeg    + . .      Spirit   .   e - +0 leather armour
rPois   .          Reflect  .   c - +0 hat
rElec   .          Harm     .   (no cloak)
rCorr   .          Rampage  .   i - +0 pair of gloves
Will    .....                   (no boots)
Stlth   ++........              (no amulet)
HPRegen 0.08/turn               g - ring of see invisible
MPRegen 0.13/turn               o - ring of positive energy

@: no status effects
A: no striking features
a: no special abilities


You were on level 4 of the Dungeon.
You visited 1 branch of the dungeon, and saw 4 of its levels.

You collected 106 gold pieces.

Inventory:

Hand Weapons
 m - a +2 short sword of venom (weapon)
Armour
 c - a +0 hat (worn)
 e - a +0 leather armour (worn)
 i - a +0 pair of gloves (worn)
Jewellery
 g - a ring of see invisible (left hand)
 n - an amulet of guardian spirit
 o - a ring of positive energy (right hand)
Scrolls
 b - a scroll of fog {unknown}
 f - 2 scrolls of noise {unknown}
 h - a scroll of vulnerability {unknown}
 p - a scroll of teleportation {unknown}
Potions
 a - 4 potions of curing {unknown}
 d - a potion of magic
 j - 4 potions of flight {unknown}
 k - 2 potions of attraction {unknown}
 l - 2 potions of haste {unknown}
 q - a potion of brilliance {unknown}


   Skills:
 - Level 1.0 Fighting
 - Level 1.0 Armour
 + Level 2.7 Dodging
 + Level 2.7 Stealth
 * Level 5.5 Spellcasting
 + Level 2.1 Conjurations
 - Level 1.1 Summonings
 - Level 1.1 Translocations


You had 3 spell levels left.
You knew the following spells:

 Your Spells              Type           Power      Damage    Failure   Level
a - Magic Dart            Conj           56%        1d5       6%          1
b - Mephitic Cloud        Conj/Pois/Air  8%         N/A       32%         3
c - Call Imp              Summ           10%        N/A       14%         2
d - Blink                 Tloc           20%        N/A       14%         2
e - Conjure Flame         Conj/Fire      10%        6-21      28%         3

Your spell library contained the following spells:

 Spells                   Type           Power      Damage    Failure   Level
 Slow                     Hex            20%        N/A       16%         1
 Ensorcelled Hibernation  Hex/Ice        10%        N/A       22%         2
 Spider Form              Tmut/Pois      5%         N/A       41%         3
 Anguish                  Hex/Necr       2%         N/A       83%         4
 Chain Lightning          Conj/Air       5%         3d6       100%        9
 Fire Storm               Conj/Fire      5%         8d1       100%        9
 Shatter                  Erth           2%         3d6*      100%        9


Dungeon Overview and Level Annotations

Branches:
Dungeon (4/15)
 Temple: D:4-7

Altars:

Shops:
D:1 ?


Message History

Press: ? - help, Shift-Dir - straight line, f - kobold
Aim: a kobold, wielding a +0 club and quivering stones (100% to hit)
The magic dart hits the kobold.
You kill the kobold!
Casting: Magic Dart (safe; 6% risk of failure)
Confirm with . or Enter, or press ? or * to list all spells.
You can't see any susceptible monsters within range! (Use Z to cast anyway.) Unknown command.
Casting: Magic Dart (safe; 6% risk of failure)
Confirm with . or Enter, or press ? or * to list all spells.
You can't see any susceptible monsters within range! (Use Z to cast anyway.) Unknown command.
There is a stone staircase leading down here.
Found a curved glass wand.
Things that are here:
a +0 club; 3 stones An orc comes into view.
It is wielding a +0 hand axe and carrying a wand of acid (7).
Casting: Magic Dart (safe; 6% risk of failure)
Confirm with . or Enter, or press ? or * to list all spells.
Aiming: Magic Dart (safe; 6% risk of failure)
Press: ? - help, Shift-Dir - straight line, f - orc
Aim: an orc, wielding a +0 hand axe, wearing a +0 ring mail and carrying a wand of acid (7) (100% to hit)
The magic dart hits the orc but does no damage.
Casting: Magic Dart (safe; 6% risk of failure)
Confirm with . or Enter, or press ? or * to list all spells.
Aiming: Magic Dart (safe; 6% risk of failure)
Press: ? - help, Shift-Dir - straight line, f/p - orc
Aim: an orc, wielding a +0 hand axe, wearing a +0 ring mail and carrying a wand of acid (7) (100% to hit)
The magic dart hits the orc.
The orc is heavily wounded.
Casting: Magic Dart (safe; 6% risk of failure)
Confirm with . or Enter, or press ? or * to list all spells.
Aiming: Magic Dart (safe; 6% risk of failure)
Press: ? - help, Shift-Dir - straight line, f/p - orc
Aim: an orc, wielding a +0 hand axe, wearing a +0 ring mail and carrying a wand of acid (7) (heavily wounded, 100% to hit)
The magic dart hits the orc but does no damage.
The orc is heavily wounded.
The orc zaps a wand.
The bolt of acid hits you!!
Ouch! That really hurt!
You die...

##.....#........
#####..#.####.# ##.#.##
## ###.(...# .#### .
#...###.### .......
#.### #...##..##... #.#
#####........#
#######.# #.....>....##
..<...#.###.#...@).#..#
...†............#..# ..
..........#.#...##....
.†..............#
......
..........###....
.......
...............$.
..o....
......##.####...
....... ####### .# ##.#
..../.. .#


You could see an orc.

Vanquished Creatures
  An adder (D:3)
  3 worms
  3 dart slugs (D:2)
  An orc (D:3)
  6 bats
  3 endoplasms
  A giant cockroach (D:1)
  8 goblins
  7 hobgoblins
  4 jackals (D:3)
  5 quokkas
  5 frilled lizards
  3 kobolds
  6 rats
56 creatures vanquished.

Notes
Turn   | Place    | Note
-------+----------+-------------------------------------------
     0 | D:1      | pokeman the Deep Elf Hedge Wizard began the quest for the
                  | Orb.
     0 | D:1      | Reached XP level 1. HP: 10/10 MP: 7/7
   315 | D:1      | Reached XP level 2. HP: 16/16 MP: 6/9
   601 | D:1      | Found Mysk's Magic Scroll Shoppe.
  1130 | D:2      | Reached skill level 5 in Spellcasting
  1233 | D:2      | Reached XP level 3. HP: 20/20 MP: 6/11
  1237 | D:2      | Learned a level 3 spell: Mephitic Cloud
  1240 | D:2      | Learned a level 2 spell: Call Imp
  1243 | D:2      | Learned a level 2 spell: Blink
  1247 | D:2      | Learned a level 3 spell: Conjure Flame
  1536 | D:2      | Found a faded altar of an unknown god.
  1906 | D:2      | Reached skill level 1 in Armour
  2095 | D:3      | Reached skill level 1 in Fighting
  2450 | D:3      | Reached XP level 4. HP: 25/25 MP: 5/13
  3050 | D:4      | Killed from afar by an orc

Illustrated notes

Levels and vault maps discovered:
D:1:      dpeg_arrival_arbitrary_c, layout_rooms, serial_shops, shop
D:2:      layout_basic, shapermc_ecumenical_altar_mp_highgroup, feat_on_display
D:3:      layout_rooms
D:4:      minmay_wonky_spiral, layout_rooms, minmay_temple_entry_stoned_glass,
          sigmund_army

Skill      XL: |  1  2  3 |
---------------+----------+-----
Spellcasting   | 5 |  5.5
Armour         | 1 |  1.0
Fighting       | 1 |  1.0
Conjurations   | 2 |  2.1
Dodging        | |  2.7
Stealth        | |  2.7
Summonings     | |  1.1
Translocations | |  1.1

Action                   |  1- 3 |  4- 6 || total
-------------------------+-------+-------++-------
Melee: Spear             |     1 |       ||     1
       Short sword       |    10 |     7 ||    17
 Cast: Magic Dart        |   126 |    15 ||   141
 Stab: Sleeping          |       |     2 ||     2
Armor: Leather armour    |     7 |     1 ||     8
Dodge: Dodged            |    18 |     4 ||    22

Table legend: (Time is in decaauts)
 A = Elapsed time spent in this place.
 B = Non-inter-level travel time spent in this place.
 C = Inter-level travel time spent in this place.
 D = Time resting spent in this place.
 E = Time spent auto-exploring this place.
 F = Levels seen in this place.
 G = Mean time per level.
                   A        B        C        D        E       F      G
               +--------+--------+--------+--------+--------+-----+--------+
         Total |   3048 |   3005 |     43 |      0 |   2643 |   4 |  762.0 |
       Dungeon |   3048 |   3005 |     43 |      0 |   2643 |   4 |  762.0 |
               +--------+--------+--------+--------+--------+-----+--------+

Top non-repeatable levels by time:
     D:2: 1329 daAuts
     D:3: 905 daAuts
     D:1: 748 daAuts
     D:4: 66 daAuts
